 Dungeon Crawl Stone Soup version 0.24-a0-584-g9d6b971 (webtiles) character file.

Game seed: 7458242030454597877, levelgen mode: deterministic

74 pichaelthompson the Conjurer (level 4, -1/28 HPs)
             Began as an Octopode Conjurer on Sept 5, 2019.
             Slain by a kobold
             ... wielding a +0 dagger
              (3 damage)
             ... on level 2 of the Dungeon.
             The game lasted 00:04:15 (1870 turns).

pichaelthompson the Conjurer (Octopode Conjurer)    Turns: 1870, Time: 00:04:16

Health: -1/28      AC:  1    Str:  7    XL:     4   Next: 28%
Magic:  4/7        EV: 14    Int: 17    God:
Gold:   80         SH:  0    Dex: 13    Spells: 0/7 levels left

rFire    . . .     SeeInvis .   f - +1 whip (venom)
rCold    . . .     Gourm    .   (no shield)
rNeg     . . .     Faith    .   (helmet restricted)
rPois    .         Spirit   .   (no amulet)
rElec    .         Reflect  .   c - ring of flight
rCorr    .         Harm     .   (no ring)
MR       .....                  (no ring)
Stlth    +++.......             (no ring)
HPRegen  0.09/turn              (no ring)
MPRegen  0.10/turn              (no ring)
                                (no ring)
                                (no ring)

@: slowed, very slow
A: almost no armour, stealthy swim, amphibious, 8 rings, constrict 8, camouflage
1, gelatinous body 1
a: Evoke Flight


You were on level 2 of the Dungeon.
You were not hungry.

You visited 1 branch of the dungeon, and saw 2 of its levels.

You collected 80 gold pieces.

Inventory:

Hand Weapons
 f - a +1 whip of venom (weapon)
Jewellery
 c - a ring of flight (left tentacle)
Scrolls
 d - 2 scrolls of identify {unknown}
 i - 2 scrolls of fog {unknown}
 j - a scroll of enchant armour {unknown}
Potions
 e - a potion of agility {unknown}
 g - 3 potions of heal wounds {unknown}
 h - a potion of degeneration {unknown}
 k - a potion of haste {unknown}
Comestibles
 a - 2 chunks of flesh
 b - 4 rations


   Skills:
 + Level 1.0 Fighting
 + Level 0.4 Maces & Flails
 + Level 2.4 Dodging
 + Level 4.0 Stealth
 + Level 2.2 Spellcasting
 + Level 4.5 Conjurations


You couldn't memorise any spells.
You knew the following spells:

 Your Spells              Type           Power        Failure   Level  Hunger
a - Magic Dart            Conj           ###.         3%          1    #......
b - Searing Ray           Conj           ###...       4%          2    ###....
c - Fulminant Prism       Conj/Hex       #.........   58%         4    #####..

Your spell library contained the following spells:

 Spells                   Type           Power        Failure   Level  Hunger
 Dazzling Spray           Conj/Hex       #.....       22%         3    ###....
 Iskenderun's Mystic Bla  Conj           ###.....     28%         4    #####..
 Force Lance              Conj/Tloc      #.......     58%         4    #####..


Dungeon Overview and Level Annotations

Branches:
Dungeon (2/15)

Altars:

Annotations:
D:2 Natasha


Innate Abilities, Weirdness & Mutations

You cannot wear most types of armour.
You are very stealthy in the water. (Stealth+)
You are amphibious.
You can wear up to eight rings at the same time.
You can use your tentacles to constrict eight enemies at once.
Your skin changes colour to match your surroundings (Stealth+).
Your rubbery body absorbs attacks. (AC +1, EV +1)


Message History

Natasha stares at you and mumbles some strange words.
The magic dart hits you!
* * * LOW HITPOINT WARNING * * *
Natasha barely misses you.
Casting: Magic Dart (safe; 3% risk of failure)
Confirm with . or Enter, or press ? or * to list all spells.
Aiming: Searing Ray (safe; 4% risk of failure)
Press: ? - help, Shift-Dir - straight line, f - Natasha
Aim: Natasha The searing ray hits Natasha.
Natasha is moderately wounded. (Press . to maintain the ray.) Natasha casts a spell.
Natasha claws you but does no damage.
The searing ray hits Natasha.
Natasha is heavily wounded.
The kobold misses you. Natasha claws you!
* * * LOW HITPOINT WARNING * * *
The kobold hits you with a +0 dagger.
You die...

.........# #..(......#.#.#.#.#.
##############...................
........#..........#.#.#.#.#
............................
....................#.#.#.#.
..........####....##........
..........# #....##.#.#.#.#
........######....##........
##...#...5h@..........#.#.#.
#...#....K................. ###
#......................
#...............#######
#............... ##########......
######


You could see Natasha, a white imp and a kobold.

Vanquished Creatures
  3 adders (D:2)
  2 worms (D:2)
  2 dart slugs
  A leopard gecko (D:2)
  A ball python (D:2)
  6 bats
  3 giant cockroaches (D:2)
  7 goblins
  A hobgoblin (D:1)
  A quokka (D:2)
  6 kobolds
  2 rats (D:2)
35 creatures vanquished.

Notes
Turn   | Place    | Note
-------+----------+-------------------------------------------
     0 | D:1      | pichaelthompson the Octopode Conjurer began the quest for
                  | the Orb.
     0 | D:1      | Reached XP level 1. HP: 11/11 MP: 3/3
   187 | D:1      | Reached XP level 2. HP: 16/17 MP: 5/5
   931 | D:2      | Reached XP level 3. HP: 21/21 MP: 6/6
  1581 | D:2      | Reached XP level 4. HP: 23/27 MP: 4/7
  1588 | D:2      | Learned a level 2 spell: Searing Ray
  1593 | D:2      | Learned a level 4 spell: Fulminant Prism
  1699 | D:2      | Reached skill level 1 in Fighting
  1857 | D:2      | Noticed Natasha
  1870 | D:2      | Slain by a kobold

Levels and vault maps discovered:
D:1:      minmay_arrival_stone_box, layout_basic
D:2:      layout_basic, hex_large, uniq_natasha

Skill      XL: |  1  2  3  4 |
---------------+-------------+-----
Stealth        | 3 4 |  4.0
Fighting       | 1 |  1.0
Maces & Flails | |  0.4
Dodging        | |  2.4
Spellcasting   | |  2.2
Conjurations   | |  4.5

Action                   |  1- 3 |  4- 6 || total
-------------------------+-------+-------++-------
Melee: Short sword       |    33 |       ||    33
       Constrict         |    14 |     3 ||    17
       Unarmed           |     2 |       ||     2
       Whip              |    30 |     7 ||    37
       Tentacles         |     8 |     1 ||     9
 Cast: Magic Dart        |    17 |    11 ||    28
       Searing Ray       |       |     1 ||     1
 Stab: Sleeping          |     7 |     1 ||     8
  Eat: Chunk             |     2 |     1 ||     3
Armor: Skin              |    10 |     1 ||    11
Dodge: Dodged            |    59 |    17 ||    76

Table legend:
 A = Non-vault XP
 B = Vault XP
 C = Vault XP percentage of total XP
 D = Non-vault monster count
 E = Vault monster count
 F = Vault count percentage of total count
                 A         B        C        D         E       F
            +---------+---------+-------+---------+---------+-------
      Total |     106 |       0 |   0.0 |      35 |       0 |   0.0
            +---------+---------+-------+---------+---------+-------
        D:1 |      25 |       0 |   0.0 |      14 |       0 |   0.0
        D:2 |      81 |       0 |   0.0 |      21 |       0 |   0.0
            +---------+---------+-------+---------+---------+-------
